 Dungeon Crawl Stone Soup version 0.25.0-26-g0c896c7088 (webtiles) character file.

Game seed: 18268743609222053588

182 xccam the Insei (level 5, -6/33 HPs)
             Began as an Octopode Transmuter on July 1, 2020.
             Mangled by Sigmund
             ... wielding a +0 scythe
              (12 damage)
             ... on level 3 of the Dungeon.
             The game lasted 00:03:46 (2536 turns).

xccam the Insei (Octopode Transmuter)               Turns: 2536, Time: 00:03:47

Health: -6/33      AC:  1    Str: 10    XL:     5   Next: 61%
Magic:  1/8        EV: 13    Int: 15    God:
Gold:   88         SH:  0    Dex: 13    Spells: 5/8 levels left

rFire    . . .     SeeInvis +     - Unarmed
rCold    . . .     Gourm    .   (no shield)
rNeg     . . .     Faith    .   (helmet restricted)
rPois    .         Spirit   .   (no amulet)
rElec    .         Reflect  .   f - ring of see invisible
rCorr    .         Harm     .   (no ring)
MR       .....                  (no ring)
Stlth    ++........             (no ring)
HPRegen  0.11/turn              (no ring)
MPRegen  0.11/turn              (no ring)
                                (no ring)
                                (no ring)

@: about to teleport
A: almost no armour, stealthy swim, amphibious, 8 rings, constrict 8, camouflage
1, blink, deterioration 1, gelatinous body 1
a: Blink


You were on level 3 of the Dungeon.
You were hungry.

You visited 1 branch of the dungeon, and saw 3 of its levels.

You collected 88 gold pieces.

Inventory:

Missiles
 a - 4 arrows
Jewellery
 f - a ring of see invisible (left tentacle)
Scrolls
 e - a scroll of identify
 g - 2 scrolls of enchant weapon
 n - 3 scrolls of random uselessness
Comestibles
 c - 5 rations
 i - 3 chunks of flesh


   Skills:
 + Level 1.5 Fighting
 - Level 2.0 Dodging
 - Level 6.0 Unarmed Combat
 - Level 2.0 Spellcasting
 - Level 2.0 Transmutations


You had 5 spell levels left.
You knew the following spells:

 Your Spells              Type           Power        Failure   Level  Hunger
a - Beastly Appendage     Tmut           #.....       10%         1    #......
b - Sticks to Snakes      Tmut           #.......     14%         2    ###....

Your spell library contained the following spells:

 Spells                   Type           Power        Failure   Level  Hunger
 Spider Form              Tmut/Pois      #.........   41%         3    ###....
 Ice Form                 Ice/Tmut       #.......     82%         4    #####..
 Blade Hands              Tmut           #.........   95%         5    ######.


Dungeon Overview and Level Annotations

Branches:
Dungeon (3/15)

Altars:
The Shining One

Annotations:
D:3 Sigmund


Innate Abilities, Weirdness & Mutations

You cannot wear most types of armour.
You are very stealthy in the water. (Stealth+)
You are amphibious.
You can wear up to eight rings at the same time.
You can use your tentacles to constrict eight enemies at once.
Your skin changes colour to match your surroundings (Stealth+).
Your rubbery body absorbs attacks. (AC +1, EV +1)
You can translocate small distances at will.
Your body sometimes deteriorates upon taking damage.


Message History

Press: ? - help, Dir - move target cursor, f/p - Sigmund
Aim: Sigmund, wielding a +0 scythe and wearing a +0 robe (moderately wounded, slightly transparent) Attack!
Sigmund barely misses you. What are your orders? t - Shout!
Orders for allies: a - Attack new target. p - Attack previous target. r - Retreat! s - Stop attacking. g - Guard the area. f - Follow me.
Anything else - Cancel.
Gang up on whom?
Press: ? - help, Dir - move target cursor, f/p - Sigmund
Aim: Sigmund, wielding a +0 scythe and wearing a +0 robe (moderately wounded, slightly transparent) Attack!
You aren't carrying any potions.
Unknown command.
As you read the scroll of teleportation, it crumbles to dust.
You feel strangely unstable. Sigmund barely misses you.
Unknown command.
Sigmund hits you with a +0 scythe!
You die...

####### #.....#
#.....# ####
#†S@..##....
#.@.........
#.†.........
#...........
####........ ####
#........ #...##
#.)...... #
#..#####........
.#..##.Sggg.)).......


You could see Sigmund (invisible) and a friendly ball python.

Vanquished Creatures
  Terence (D:2)
  A worker ant (D:3)
  Robin (D:3)
  A gnoll (D:1)
  5 adders
  An ooze (D:1)
  2 worms (D:2)
  A ball python (D:3)
  2 giant cockroaches
  10 hobgoblins
  7 jackals
  5 kobolds
  A quokka (D:3)
  2 bats
  2 frilled lizards (D:2)
  11 goblins
  7 rats
60 creatures vanquished.

Vanquished Creatures (collateral kills)
  A bat (D:3)
  2 jackals (D:3)
3 creatures vanquished.

Grand Total: 63 creatures vanquished

Notes
Turn   | Place    | Note
-------+----------+-------------------------------------------
     0 | D:1      | xccam the Octopode Transmuter began the quest for the Orb.
     0 | D:1      | Reached XP level 1. HP: 13/13 MP: 3/3
   296 | D:1      | Reached XP level 2. HP: 18/18 MP: 5/5
   471 | D:1      | Reached skill level 4 in Unarmed Combat
   471 | D:1      | Reached XP level 3. HP: 19/23 MP: 4/6
   475 | D:1      | Learned a level 2 spell: Sticks to Snakes
  1490 | D:2      | Reached XP level 4. HP: 18/28 MP: 7/7
  1768 | D:2      | Found a glowing golden altar of the Shining One.
  1785 | D:2      | Reached skill level 5 in Unarmed Combat
  1867 | D:2      | Noticed Terence
  1879 | D:2      | Killed Terence
  2384 | D:2      | Reached XP level 5. HP: 33/33 MP: 8/8
  2426 | D:3      | Noticed Robin
  2465 | D:3      | Noticed Sigmund
  2471 | D:3      | Killed Robin
  2482 | D:3      | Reached skill level 6 in Unarmed Combat
  2485 | D:3      | Gained mutation: Your body sometimes deteriorates upon
                  | taking damage. [potion of mutation]
  2485 | D:3      | Gained mutation: You can translocate small distances at
                  | will. [potion of mutation]
  2536 | D:3      | Mangled by Sigmund

Illustrated notes

Levels and vault maps discovered:
D:1:      minmay_arrival_stone_box, layout_basic
D:2:      layout_loops_ring, nicolae_overflow_crystal_walls, chequers_avenue,
          uniq_terence
D:3:      layout_rooms, uniq_sigmund, uniq_crazy_yiuf_cottage, uniq_robin

Skill      XL: |  1  2  3  4  5 |
---------------+----------------+-----
Unarmed Combat | 4 5 6 |  6.0
Fighting       | |  1.5
Dodging        | |  2.0
Spellcasting   | |  2.0
Transmutations | |  2.0

Action                   |  1- 3 |  4- 6 || total
-------------------------+-------+-------++-------
Melee: Unarmed           |    65 |    72 ||   137
       Constrict         |    13 |     9 ||    22
       Tentacles         |     5 |     9 ||    14
       Punch             |     1 |     3 ||     4
       Kick              |     2 |     3 ||     5
 Cast: Beastly Appendage |     2 |     3 ||     5
       Sticks to Snakes  |       |     8 ||     8
  Use: Scroll            |       |     7 ||     7
       Potion            |       |     6 ||     6
 Stab: Sleeping          |     5 |     4 ||     9
  Eat: Chunk             |     1 |     4 ||     5
Armor: Skin              |     7 |    79 ||    86
Dodge: Dodged            |    31 |    68 ||    99
